 Dungeon Crawl Stone Soup version 0.19-a0-1879-gd95bc26 (webtiles) character file.

114 Grim the Slasher (level 4, -10/29 HPs)
             Began as a High Elf Skald on Oct 14, 2016.
             Mangled by an ogre
             ... wielding a +0 giant club
              (17 damage)
             ... on level 1 of the Dungeon.
             The game lasted 00:06:49 (2694 turns).

Grim the Slasher (High Elf Skald)                   Turns: 2694, Time: 00:06:51

Health: -10/29     AC:  3    Str: 11    XL:     4   Next: 67%
Magic:  8/8        EV: 11    Int: 16    God:
Gold:   131        SH:  0    Dex: 18    Spells: 1 memorised, 6 levels left

rFire  . . .     SeeInvis .     a - +0 falchion
rCold  . . .     Gourm    .     b - +0 leather armour
rNeg   . . .     Faith    .     (no shield)
rPois  .         Spirit   .     (no helmet)
rElec  .         Dismiss  .     (no cloak)
rCorr  .         Reflect  .     (no gloves)
MR     +....     Harm     .     (no boots)
Stlth  +.........               (no amulet)
                                i - ring of protection from magic
                                h - +3 ring of dexterity

@: very slightly contaminated, invisible
A: no striking features
a: no special abilities


You were on level 1 of the Dungeon.
You were not hungry.

You visited 1 branch of the dungeon, and saw 2 of its levels.

You collected 131 gold pieces.

Inventory:

Hand Weapons
 a - a +0 falchion (weapon)
Armour
 b - a +0 leather armour (worn)
Jewellery
 h - a +3 ring of dexterity (left hand)
 i - a ring of protection from magic (right hand)
Scrolls
 g - a scroll of magic mapping {unknown}
 l - a scroll of recharging {unknown}
Potions
 e - 2 potions of invisibility
 k - 2 potions of lignification
 m - a potion of ambrosia
Books
 c - a book of Battle

   Spells                             Type                      Level
   a - Infusion                       Charms                       1
   b - Shroud of Golubria             Charms/Translocation         2
   c - Song of Slaying                Charms                       2
   d - Spectral Weapon                Hexes/Charms                 3
   e - Regeneration                   Charms/Necromancy            3
Comestibles
 d - 2 bread rations
 f - a meat ration
 n - a fruit


   Skills:
 - Level 2.0 Fighting
 * Level 5.1 Long Blades
 - Level 0.8 Armour
 - Level 1.1 Dodging
 - Level 2.4 Spellcasting
 + Level 4.7 Charms


You had 6 spell levels left.
You knew the following spells:

 Your Spells              Type           Power        Failure   Level  Hunger
a - Infusion              Chrm           ###.         4%          1    #......


Dungeon Overview and Level Annotations

Branches:
Dungeon (2/15)

Altars:


Message History

e - 3 potions of invisibility
As you read the scroll of identify, it crumbles to dust.
k - 2 potions of lignification
As you read the scroll of identify, it crumbles to dust.
m - a potion of ambrosia You climb downwards.
The ogre hits you with a giant club!!
Ouch! That really hurt!
* * * LOW HITPOINT WARNING * * *
The ogre barely misses you.
There is a stone staircase leading up, spattered with blood here.
You climb upwards.
There is a stone staircase leading down here.
You fade into invisibility!
The ogre closely misses you.
You are very lightly contaminated with residual magic.
The ogre barely misses you.
You see here a dagger.
You barely miss the ogre. The ogre hits you with a giant club!
Ouch! That really hurt!
You die...

##......##.#..).....#
#.#####.#
##..##.)...#.......## ##.#
##..# ...)##.#####.......#
#..# #..## ##..##.#
#.......####.####.##
##..(.# #.................#
###...##
####.##...).....### ......#
#..............##
####..######......#.......#
#.........##...O@.#.......#
#.........##..............#
#.........##......#.......#
############..............#
#.....##.......#
#.....##.......#
#.....########## #######


You could see an ogre.

Vanquished Creatures
  Jessica (D:2)
  4 adders (D:2)
  An ooze (D:1)
  2 worms (D:2)
  2 leopard geckos (D:1)
  5 bats
  2 giant cockroaches
  8 goblins
  3 hobgoblins (D:1)
  5 kobolds
  A ball python (D:1)
  3 frilled lizards (D:1)
  6 rats (D:1)
43 creatures vanquished.

Notes
Turn   | Place    | Note
-------+----------+-------------------------------------------
     0 | D:1      | Grim the High Elf Skald began the quest for the Orb.
     0 | D:1      | Reached XP level 1. HP: 14/14 MP: 4/4
    87 | D:1      | Reached skill level 3 in Long Blades
   137 | D:1      | Reached XP level 2. HP: 19/19 MP: 3/6
   749 | D:1      | Reached XP level 3. HP: 24/24 MP: 4/7
  1071 | D:1      | Reached skill level 4 in Long Blades
  1587 | D:2      | Reached XP level 4. HP: 17/29 MP: 0/8
  1799 | D:2      | Noticed Jessica
  1805 | D:2      | Killed Jessica
  1992 | D:2      | Reached skill level 5 in Long Blades
  2635 | D:2      | Noticed an ogre
  2694 | D:1      | Mangled by an ogre

Vault maps used:
D:1:      dpeg_arrival_water_temple_mockup
D:2:      cheibrodos_helix_gallery, first_bread, uniq_jessica

Skill      XL: |  1  2  3  4 |
---------------+-------------+-----
Long Blades    | 3 4 5 |  5.1
Charms         | 4 |  4.7
Fighting       | |  2.0
Armour         | |  0.8
Dodging        | |  1.1
Spellcasting   | |  2.4

Action                   |  1- 3 |  4- 6 || total
-------------------------+-------+-------++-------
Melee: Falchion          |    98 |    25 ||   123
 Cast: Infusion          |     9 |     4 ||    13
  Use: Scroll            |       |     3 ||     3
       Potion            |       |     1 ||     1
 Stab: Sleeping          |       |     2 ||     2
  Eat: Chunk             |     2 |     1 ||     3
       Bread ration      |       |     1 ||     1
       Fruit             |       |     1 ||     1
Armor: Leather armour    |    26 |     4 ||    30
Dodge: Dodged            |    55 |    14 ||    69
       Rpst.: Falchion   |    17 |     4 ||    21
